AoeStats
← Lord Juan II

Black Forest

505292528Analyzed
3v3 RM · 24d ago on Sep 8, 2026· 68m 36s· 6 players
Game mode
Random Map
Map size
Normal (6 player)
Population
200
Speed
Normal
Resources
Standard
Victory
Conquest
Starting age
Dark Age
Ending age
Imperial Age
RankedLock teamsTeams togetherTeam positionsShared explorationLock speedFull tech treeHidden civsTurbo modeCheats
Victory
Defeat
🇧🇷 Spanish · Brazil
1201
+13
🇹🇭 Maya · Thailand
1160
+15
🇪🇸 Lithuanians · Spain
1093
+18
🇿🇦 Italians · South Africa
1444
-25
🇩🇪 Cumans · Germany
1145
-16
🇳🇿 Byzantines · New Zealand
815
-5
.GT
5:35 Loom
11:40 Feudal Age
13:54 Wheelbarrow
13:06 Double-Bit Axe
17:01 Castle Age
16:22 Horse Collar
20:56 Gold Mining
28:59 Stone Mining
30:20 Bloodlines
30:15 Town Watch
32:00 Scale Barding Armor
33:44 Heavy Plow
36:26 Imperial Age
34:31 Husbandry
35:12 Squires
34:32 Pikeman
36:30 Caravan
37:02 Town Patrol
37:41 Chain Barding Armor
37:32 Forging
39:01 Cavalier
41:15 Paladin
42:34 Iron Casting
42:35 Plate Barding Armor
48:27 Thumb Ring
56:07 Elite Skirmisher
57:02 Fortified Wall
56:48 Murder Holes
57:20 Padded Archer Armor
57:20 Scale Mail Armor
57:11 Fletching
58:21 Blast Furnace
59:14 Halberdier
60:46 Chain Mail Armor
60:46 Elite Conquistador
61:13 Light Cavalry
63:40 Hand Cart
Roke6
5:02 Loom
13:24 Feudal Age
14:21 Double-Bit Axe
19:52 Castle Age
17:31 Man-at-Arms
18:25 Horse Collar
18:58 Gold Mining
22:09 Fishing Lines
24:08 Bow Saw
30:04 Imperial Age
29:13 Coinage
29:02 Stone Mining
31:19 Fletching
32:23 Banking
32:34 Bodkin Arrow
32:45 Scale Barding Armor
33:02 Forging
33:09 Capped Ram
34:51 Husbandry
35:02 Bloodlines
36:20 Bracer
36:26 Town Watch
38:46 Chemistry
38:23 Conscription
39:20 Chain Barding Armor
38:26 Cavalier
41:48 Plate Barding Armor
41:49 Iron Casting
52:11 Fortified Wall
53:39 Guilds
55:50 Two-Man Saw
56:38 Wheelbarrow
55:48 Town Watch
56:43 Wheelbarrow
55:54 Town Watch
56:53 Elite Skirmisher
58:24 Padded Archer Armor
60:59 Leather Archer Armor
63:21 Light Cavalry
64:20 Caravan
66:16 Ring Archer Armor
68:11 Heavy Plow
Lord Juan II
0:26 Loom
10:41 Feudal Age
13:16 Double-Bit Axe
15:37 Castle Age
17:17 Wheelbarrow
17:48 Fletching
19:56 Town Watch
24:42 Gold Mining
27:53 Horse Collar
28:44 Bodkin Arrow
30:01 Heavy Plow
31:10 Hand Cart
31:03 Crossbowman
33:50 Padded Archer Armor
34:50 Thumb Ring
36:09 Leather Archer Armor
38:52 Ballistics
39:30 Town Patrol
39:30 Elite Skirmisher
41:14 Bow Saw
44:38 Imperial Age
45:18 Masonry
47:39 Chemistry
46:04 Arbalester
46:54 Bracer
48:49 Ring Archer Armor
50:57 Capped Ram
52:47 Siege Ram
52:58 Siege Ram
56:24 Conscription
56:07 Hul'che Javelineers
58:09 Scale Mail Armor
JoshNelson4
13:54 Feudal Age
18:52 Castle Age
17:19 Horse Collar
26:44 Husbandry
45:34 Imperial Age
43:43 Wheelbarrow
43:28 Forging
43:24 Scale Barding Armor
43:46 Heavy Plow
45:30 Hand Cart
45:44 Thumb Ring
47:54 Conscription
47:45 Heavy Camel Rider
49:09 Iron Casting
48:55 Chain Barding Armor
49:56 Chemistry
49:17 Ballistics
54:26 Fortified Wall
54:43 Logistica
53:56 Elite Cataphract
55:13 Caravan
56:11 Plate Barding Armor
55:27 Fletching
55:39 Padded Archer Armor
Mode Bald
2:59 Loom
13:29 Feudal Age
18:01 Castle Age
16:41 Double-Bit Axe
19:30 Bow Saw
19:18 Horse Collar
21:17 Heavy Plow
22:26 Fortified Wall
26:08 Wheelbarrow
26:26 Stone Mining
26:30 Gold Mining
31:57 Imperial Age
30:09 Caravan
31:26 Fletching
32:13 Bodkin Arrow
32:45 Hand Cart
33:38 Chemistry
32:59 Ballistics
33:24 Conscription
33:06 Bracer
34:24 Padded Archer Armor
36:39 Masonry
37:21 Leather Archer Armor
36:44 Elite Genoese Crossbowman
37:48 Caravan
38:42 Silk Road
39:39 Ring Archer Armor
39:53 Scale Barding Armor
39:59 Forging
44:07 Coinage
45:00 Bombard Tower
45:59 Chain Barding Armor
46:14 Iron Casting
49:28 Plate Barding Armor
49:54 Blast Furnace
50:53 Husbandry
51:04 Bloodlines
50:16 Cavalier
53:01 Banking
53:15 Architecture
52:28 Treadmill Crane
67:32 Light Cavalry
LVL 18 Pidgey
0:32 Loom
13:41 Feudal Age
14:25 Man-at-Arms
16:14 Arson
24:04 Double-Bit Axe
30:25 Castle Age
28:41 Fletching
29:54 Horse Collar
30:34 Elite Skirmisher
32:20 Wheelbarrow
36:25 Bodkin Arrow
36:30 Padded Archer Armor
36:31 Stone Mining
36:31 Gold Mining
37:21 Padded Archer Armor
39:12 Hand Cart
39:09 Bow Saw
39:03 Heavy Plow
46:55 Pikeman
48:27 Squires
48:44 Forging
48:39 Scale Barding Armor
48:36 Scale Mail Armor
51:52 Imperial Age
50:34 Leather Archer Armor
52:02 Thumb Ring
53:09 Parthian Tactics
52:32 Heavy Cavalry Archer
53:46 Ring Archer Armor
53:50 Crop Rotation
53:46 Caravan
54:20 Ballistics
55:00 Chemistry
Connection lost

Rejoining the realm…

Still unreachable

The connection could not be restored.

Session expired

The server has moved on; the page needs a fresh start.